 Dungeon Crawl Stone Soup version 0.28.0-53-g5a82cb258f (webtiles) character file.

Game seed: 15195437312372829024

6 Sin92 the Magician (level 1, -1/13 HPs)
             Began as a Demonspawn Hedge Wizard on July 11, 2022.
             Slain by a kobold
             ... wielding a +0 dagger
              (3 damage)
             ... on level 1 of the Dungeon.
             The game lasted 00:00:50 (398 turns).

Sin92 the Magician (Demonspawn Hedge Wizard)         Turns: 398, Time: 00:00:51

Health: -1/13      AC:  2    Str: 10    XL:     1   Next: 75%
Magic:  4/4        EV: 12    Int: 15    God:
Gold:   0          SH:  0    Dex: 12    Spells: 5/6 levels left

rFire   . . .      SeeInvis .   a - +0 dagger
rCold   . . .      Faith    .   (no shield)
rNeg    . . .      Spirit   .   b - +0 robe
rPois   .          Reflect  .   c - +0 hat
rElec   .          Harm     .   (no cloak)
rCorr   .          Rampage  .   (no gloves)
Will    .....                   (no boots)
Stlth   ++........              (no amulet)
HPRegen 0.04/turn               (no ring)
MPRegen 0.09/turn               (no ring)

@: no status effects
A: no striking features
a: no special abilities


You were on level 1 of the Dungeon.
You visited 1 branch of the dungeon, and saw 1 of its levels.

Inventory:

Hand Weapons
 a - a +0 dagger (weapon)
Armour
 b - a +0 robe (worn)
 c - a +0 hat (worn)
Scrolls
 e - a scroll of holy word {unknown}
Potions
 d - a potion of berserk rage {unknown}


   Skills:
 + Level 0.2 Fighting
 + Level 1.9 Dodging
 + Level 1.9 Stealth
 + Level 3.0 Spellcasting
 + Level 1.1 Conjurations
 - Level 1.0 Summonings
 + Level 1.0 Translocations


You had 5 spell levels left.
You knew the following spells:

 Your Spells              Type           Power      Damage    Failure   Level
a - Magic Dart            Conj           20%        1d4       13%         1

Your spell library contained the following spells:

 Spells                   Type           Power      Damage    Failure   Level
 Summon Small Mammal      Summ           20%        N/A       13%         1
 Slow                     Hex            8%         N/A       21%         1
 Blink                    Tloc           10%        N/A       21%         2
 Call Imp                 Summ           5%         N/A       21%         2
 Conjure Flame            Conj/Fire      4%         6-21      43%         3
 Mephitic Cloud           Conj/Pois/Air  3%         N/A       45%         3


Dungeon Overview and Level Annotations

Branches:
Dungeon (1/15)

Altars:


Message History

The kobold is moderately wounded.
The kobold throws a stone.
The stone hits you. The kobold barely misses you.
Unknown command.
You hit the kobold.
The kobold is severely wounded.
The kobold barely misses you.
Unknown command.
You hit the kobold but do no damage.
The kobold is severely wounded.
The kobold hits you with a +0 dagger.
Unknown command.
You hit the kobold.
You kill the kobold!
Unknown command.
You hit the rat but do no damage. The rat bites you. The kobold misses you.
Unknown command.
You hit the rat.
The rat is moderately wounded.
The rat bites you. The kobold hits you but does no damage.
Unknown command.
You hit the rat.
You kill the rat!
The kobold hits you with a +0 dagger.
Unknown command.
You are too injured to fight recklessly!
Unknown command.
You are too injured to fight recklessly!
Unknown command.
You are too injured to fight recklessly!
You closely miss the kobold. The kobold hits you with a +0 dagger.
* * * LOW HITPOINT WARNING * * *
You hit the kobold but do no damage. Your punch misses the kobold.
The kobold barely misses you.
You hit the kobold.
The kobold is heavily wounded.
The kobold misses you.
You barely miss the kobold.
The kobold is heavily wounded.
The kobold hits you with a +0 dagger.
You die...

.........##.#
#.......#####.# ######
..^##.........# #.....#
..^.P#....#######..$....
...##.#...# #........
#..P.#.#..######........
#..##.#.#...............
#.^P#.#.#.######.)......
..._#.#.#.......@†......
#...#.#P#........K......
#..##.#P#..#####........
.....#.#...# #........
#..##.#....# #........
#....#.....# #........
#..##P....## ##..#?#.#
#........## #..#.#.
##########


You could see a kobold.

Vanquished Creatures
  An endoplasm (D:1)
  A hobgoblin (D:1)
  2 kobolds (D:1)
  2 rats (D:1)
6 creatures vanquished.

Notes
Turn   | Place    | Note
-------+----------+-------------------------------------------
     0 | D:1      | Sin92 the Demonspawn Hedge Wizard began the quest for the
                  | Orb.
     0 | D:1      | Reached XP level 1. HP: 13/13 MP: 4/4
   201 | D:1      | Found a faded altar of an unknown god.
   206 | D:1      | Reached skill level 1 in Translocations
   234 | D:1      | Got Plato's Guide on Calling
   398 | D:1      | Slain by a kobold

Illustrated notes

Levels and vault maps discovered:
D:1:      amcnicky_arrival_blooded_trapdoor, layout_rooms,
          shapermc_ecumenical_altar_rom_forum, minivault_23, minivault_27

Skill      XL: |  1 |
---------------+----+-----
Translocations | 1 |  1.0
Fighting       | |  0.2
Dodging        | |  1.9
Stealth        | |  1.9
Spellcasting   | |  3.0
Conjurations   | |  1.1
Summonings     | |  1.0

Action                   || total
-------------------------++-------
Melee: Dagger            ||    30
 Cast: Magic Dart        ||     1
Armor: Robe              ||     3
Dodge: Dodged            ||    15
